 Dungeon Crawl Stone Soup version 0.18.1-8-gdd0e5ea (webtiles) character file.

80 m0ast the Ruffian (level 4, -2/40 HPs)
             Began as a Ghoul Monk on May 24, 2016.
             Slain by an orc priest
             ... wielding a +0 dagger of draining
              (4 damage)
             ... on level 3 of the Dungeon.
             The game lasted 00:08:10 (2447 turns).

m0ast the Ruffian (Ghoul Monk)                      Turns: 2447, Time: 00:08:11

Health: -2/40      AC:  4    Str: 15    XL:     4   Next: 39%
Magic:  3/3        EV: 12    Int:  5    God:
Gold:   111        SH:  0    Dex: 11    Spells: 0 memorised, 3 levels left

rFire  . . .     SeeInvis .       - Unarmed
rCold  + . .     Gourm    .     o - +0 leather armour
rNeg   + + +     Faith    .     (no shield)
rPois  ∞         Spirit   .     (no helmet)
rElec  .         Dismiss  .     (no cloak)
rCorr  .         Reflect  .     s - +0 pair of gloves
SustAt .         Harm     .     (no boots)
MR     .....                    (no amulet)
Stlth  ++........               (no ring)
                                (no ring)

@: rotting, not resistant to hostile enchantments, unstealthy
A: rotting body, claws 1, carnivore 3, cold resistance 1, negative energy
resistance 3, slow regeneration 1, torment resistance, unbreathing
a: no special abilities


You were on level 3 of the Dungeon.
You were not hungry.

You visited 1 branch of the dungeon, and saw 3 of its levels.

You collected 111 gold pieces.

Inventory:

Missiles
 p - 3 tomahawks of dispersal (quivered)
Armour
 a - a +0 robe
 o - a +0 leather armour (worn)
 s - a +0 pair of gloves (worn)
Jewellery
 j - a cursed -3 ring of strength {unknown}
 k - an uncursed ring of fire {unknown}
 m - an uncursed ring of magical power {unknown}
 q - an uncursed ring of stealth {unknown}
 u - an uncursed ring of sustain attributes {unknown}
Scrolls
 e - a scroll of enchant weapon {unknown}
 g - a scroll of remove curse {unknown}
 i - 2 scrolls of recharging
 l - 2 scrolls of identify {unknown}
 n - a scroll of blinking {unknown}
 w - a scroll of teleportation {unknown}
Potions
 d - a potion of heal wounds {unknown}
 f - a potion of mutation {unknown}
 h - 3 potions of agility {unknown}
 r - a potion of flight {unknown}
 v - a potion of degeneration {unknown}
Comestibles
 b - 4 meat rations
 c - a slice of pizza
 t - a chunk of flesh
 x - a royal jelly


   Skills:
 + Level 3.7 Fighting
 + Level 3.2 Dodging
 + Level 2.8 Stealth
 * Level 5.3 Unarmed Combat


You had 3 spell levels left.
You didn't know any spells.

Dungeon Overview and Level Annotations

Branches:
Dungeon (3/15)

Altars:
Fedhas
Zin


Innate Abilities, Weirdness & Mutations

Your body is rotting away.
You thrive on raw meat.
You are immune to poison.
You have sharp fingernails.
You are carnivorous and can eat meat at any time.
Your flesh is cold resistant.
You are immune to negative energy.
You regenerate slowly when monsters are visible.
You are immune to unholy pain and torment.
You can survive without breathing.


Message History

The orc shouts!
The orc priest calls down the wrath of Beogh upon you.
Beogh smites you!
The orc moves out of view.
A worm and an orc come into view.
The orc priest mumbles some strange prayers to Beogh against you.
Beogh smites you!
* * * LOW HITPOINT WARNING * * *
The orc hits you.
* * * LOW HITPOINT WARNING * * *
You completely miss the orc priest.
The orc priest hits you but does no damage.
The orc hits you.
* * * LOW HITPOINT WARNING * * *
You hit the orc priest.
The orc priest is lightly wounded.
The orc priest barely misses you. The orc barely misses you.
You punch the orc priest!
The orc priest is heavily wounded.
The orc priest hits you with a dagger of draining.
You die...

.##.#..#.........#
#......###
.##....#.#####...#
#......### .....).#.#
#...#######.###.....
###.####.# #...........#
#.#### #......#
#....#.###### #.# #.######
#....#.########.### ###.#
#..........#......# (...#
#......###.#>##.#.## #####
########.o@...# #.#.##.#.##
#...#.....oo..# #.#.##.....
#.....#.o#.#..###.#.####.##
#...###..#........#.####.##
##.## #...o...<..........#
#.# #..#.#w.#####.######
#.# #.......##.......#
###.# #.......##.#####.#
#...# ####.#####.# #.#


You could see a worm, an orc priest and 4 orcs.

Vanquished Creatures
  3 adders
  2 giant geckos
  An orc (D:3)
  5 giant cockroaches
  4 goblins
  9 hobgoblins
  2 ball pythons (D:1)
  6 bats
  2 giant newts
  4 kobolds
  12 rats
50 creatures vanquished.

Notes
Turn   | Place    | Note
--------------------------------------------------------------
     0 | D:1      | m0ast the Ghoul Monk began the quest for the Orb.
     0 | D:1      | Reached XP level 1. HP: 19/19 MP: 0/0
   181 | D:1      | Reached XP level 2. HP: 26/26 MP: 1/1
   635 | D:1      | Reached XP level 3. HP: 31/31 MP: 2/2
   854 | D:2      | Reached skill level 5 in Unarmed Combat
  1600 | D:2      | Reached XP level 4. HP: 39/39 MP: 3/3
  2380 | D:3      | Found a glowing silver altar of Zin.
  2380 | D:3      | Found a blossoming altar of Fedhas.
  2445 | D:3      | HP: 1/40 [orc (4)]
  2447 | D:3      | Slain by an orc priest

Skill      XL: |  1  2  3 |
---------------+----------+-----
Unarmed Combat | 5 |  5.3
Dodging        | 3 |  3.2
Fighting       | |  3.7
Stealth        | |  2.8

Action                   |  1- 3 |  4- 6 || total
-------------------------+-------+-------++-------
Melee: Unarmed           |   101 |    42 ||   143
       Punch             |     2 |     3 ||     5
Throw: Tomahawk          |     1 |       ||     1
  Use: Scroll            |       |     1 ||     1
 Stab: Sleeping          |     4 |     2 ||     6
  Eat: Chunk             |    17 |     5 ||    22
Armor: Robe              |    21 |       ||    21
       Leather armour    |       |     7 ||     7
Dodge: Dodged            |    58 |    25 ||    83
